 Dungeon Crawl Stone Soup version 0.29-a0-322-g68df515428 (webtiles) character file.

Game seed: 2041054533398727563

5133 kae the Arsonist (level 10, -4/59 HPs)
             Began as a Tengu Fire Elementalist on Apr 7, 2022.
             Was a Believer of Sif Muna.
             Slain by a komodo dragon (12 damage)
             ... while petrified by a basilisk
             ... on level 9 of the Dungeon.
             The game lasted 00:08:50 (13406 turns).

kae the Arsonist (Tengu Fire Elementalist)         Turns: 13406, Time: 00:08:51

Health: -4/59      AC:  8    Str: 10    XL:     10   Next: 58%
Magic:  22/27      EV:  2    Int: 19    God:    Sif Muna [**....]
Gold:   400        SH:  0    Dex: 14    Spells: 1/19 levels left

rFire   . . .      SeeInvis .   m - staff of conjuration
rCold   . . .      Faith    .   (no shield)
rNeg    + + +      Spirit   .   a - +0 robe
rPois   ∞          Reflect  .   (helmet restricted)
rElec   .          Harm     .   B - +2 cloak
rCorr   .          Rampage  .   w - +1 pair of gloves
Will    .....                   (boots unavailable)
Stlth   ++........              f - amulet of the acrobat
HPRegen 0.19/turn               c - ring of wizardry
MPRegen 0.20/turn               l - ring of magical power

@: petrified, flying quickly and evasively, quick
A: beak, talons 3, nimble flight
a: Renounce Religion, Channel Magic


You were on level 9 of the Dungeon.
You worshipped Sif Muna.
Sif Muna was pleased with you.
You visited 1 branch of the dungeon, and saw 9 of its levels.

You collected 528 gold pieces.
You spent 128 gold pieces at shops.

Inventory:

Hand Weapons
 e - a +2 dagger of protection
Armour
 a - a +0 robe (worn)
 w - a +1 pair of gloves (worn)
 B - a +2 cloak (worn)
Magical Staves
 m - a staff of conjuration (weapon)
Jewellery
 c - a ring of wizardry (left hand)
 f - an amulet of the acrobat (around neck)
 l - a ring of magical power (right hand)
 q - a ring of protection from fire
 t - a +6 ring of strength
 u - a ring of see invisible
 A - a +6 ring of strength
Wands
 g - a wand of charming (18)
 x - a wand of paralysis (10)
Scrolls
 n - a scroll of amnesia
 p - a scroll of magic mapping
 s - 3 scrolls of enchant weapon
 y - a scroll of teleportation
 C - a scroll of holy word {unknown}
Potions
 b - 2 potions of magic
 d - 3 potions of mutation
 h - 2 potions of might
 i - 2 potions of brilliance
 j - a potion of flight
 k - 5 potions of heal wounds
 o - a potion of attraction
 r - 5 potions of curing
 v - 3 potions of lignification
 z - a potion of invisibility {unknown}


   Skills:
 + Level 5.2 Fighting
 * Level 2.8 Staves
 + Level 5.6 Armour
 + Level 6.2 Dodging
 - Level 2.0 Stealth
 + Level 5.2 Spellcasting
 + Level 7.0 Conjurations
 * Level 9.1 Fire Magic
 + Level 3.9 Invocations
 + Level 1.5 Evocations


You had one spell level left.
You knew the following spells:

 Your Spells              Type           Power      Damage    Failure   Level
a - Foxfire               Conj/Fire      100%       2x1d9     1%          1
b - Scorch                Fire           78%        2d8       1%          2
c - Conjure Flame         Conj/Fire      52%        6-21      1%          3
d - Inner Flame           Hex/Fire       22%        N/A       2%          3
e - Flame Wave            Conj/Fire      52%        2d11      1%          4
f - Fireball              Conj/Fire      26%        3d12      4%          5

Your spell library contained the following spells:

 Spells                   Type           Power      Damage    Failure   Level
 Dazzling Flash           Conj/Hex       54%        N/A       3%          3
 Ensorcelled Hibernation  Hex/Ice        8%         N/A       8%          2
 Iskenderun's Mystic Bla  Conj/Tloc      27%        2d7       12%         4
 Spider Form              Tmut/Pois      4%         N/A       16%         3
 Tukima's Dance           Hex            4%         N/A       16%         3
 Starburst                Conj/Fire      26%        6d8       26%         6
 Anguish                  Hex/Necr       2%         N/A       43%         4
 Animate Dead             Necr           2%         N/A       43%         4
 Passage of Golubria      Tloc           4%         N/A       43%         4
 Borgnjor's Vile Clutch   Necr/Erth      2%         N/A       77%         5
 Yara's Violent Unravell  Hex/Tmut       2%         3d3       77%         5
 Death Channel            Necr           2%         N/A       99%         6
 Ignition                 Fire           19%        3d7       99%         8


Dungeon Overview and Level Annotations

Branches:
Dungeon (9/15)             Temple (0/1) D:5             Orc (0/2) D:9
   Lair: D:8-11

Altars:
Dithmenos
Gozag
Hepliaklqana
Makhleb
Nemelex Xobeh
Ru
Sif Muna
Uskayaw
Wu Jian
Xom
Zin

Shops:
D:8 *   D:9 [(


Innate Abilities, Weirdness & Mutations

You have a beak for a mouth.
You have claws for feet.
Your magical nature lets you fly swiftly and evasively.


Message History

The basilisk is severely wounded.
The basilisk's fire resistance burns away.
You hear an angry hiss.
The basilisk misses you.
Casting: Scorch (safe; 1% risk of failure)
Confirm with . or Enter, or press ? or * to list all spells.
Flames lash the basilisk.
The basilisk is burned terribly!
The basilisk is almost dead.
You hear an angry hiss.
The basilisk bites you but does no damage.
A steam dragon comes into view.
The basilisk gazes at you.
You are slowing down.
A komodo dragon comes into view.
Unknown command.
Unknown command.
Casting: Scorch (safe; 1% risk of failure)
Confirm with . or Enter, or press ? or * to list all spells.
Flames lash the komodo dragon.
The komodo dragon is lightly wounded.
The komodo dragon's fire resistance burns away.
The basilisk bites you but does no damage. x2
The komodo dragon bites you!
Your limbs are stiffening.
The basilisk gazes at you. You resist with some effort.
The komodo dragon bites you!!
You have turned to stone.
The komodo dragon is no longer more vulnerable to fire.
The basilisk bites you. The komodo dragon bites you.
The basilisk bites you but does no damage.
The komodo dragon bites you! The basilisk gazes at you.
The steam dragon bites you! The steam dragon claws you.
The komodo dragon bites you but does no damage.
The basilisk bites you!
* * * LOW HITPOINT WARNING * * *
The steam dragon breathes steam at you. The ball of steam hits you!
* * * LOW HITPOINT WARNING * * *
The komodo dragon bites you!!
You die...

. ### ## ... ..# #######.
.....#l#### #.##...#
......D@§§### ####..####
####..l.....###.....#
#.#.###.........### # #.
###.#######
##################### #######
#..................#### ##...##.
##...##.##.######.....###.......
##.##...### #.###..#........
#####.## #..###..........


You could see a komodo dragon, a basilisk (combustible) and a steam dragon
(catching breath).

Vanquished Creatures
  A two-headed ogre (D:8)
  An unseen horror (D:9)
  A kobold demonologist (D:9)
  A troll (D:9)
  A wyvern (D:9)
  Grum (D:9)
  A water moccasin (D:9)
  2 ice beasts
  4 sky beasts
  4 orc warriors
  2 wolves (D:9)
  2 centaurs
  A phantom (D:6)
  4 bullfrogs
  A necrophage (D:5)
  3 scorpions
  5 wights (D:8)
  10 killer bees (D:8)
  A troll skeleton (D:9)
  5 spriggan skeletons (D:9)
  3 jellies
  A hound (D:6)
  6 orc priests
  An iguana (D:6)
  Terence (D:2)
  Ijyb (D:3)
  6 orc wizards
  4 adders
  A white imp (D:8)
  2 worms
  4 dart slugs
  21 orcs
  11 ball pythons
  5 endoplasms
  5 giant cockroaches
  8 goblins
  5 hobgoblins
  2 quokkas
  5 bats
  4 frilled lizards
  8 kobolds
  5 rats
160 creatures vanquished.

Vanquished Creatures (collateral kills)
  14 foxfires
14 creatures vanquished.

Vanquished Creatures (others)
  492 foxfires
  6 fungi (D:3)
  4 plants
502 creatures vanquished.

Grand Total: 676 creatures vanquished

Notes
Turn   | Place    | Note
-------+----------+-------------------------------------------
     0 | D:1      | kae the Tengu Fire Elementalist began the quest for the
                  | Orb.
     0 | D:1      | Reached XP level 1. HP: 10/10 MP: 4/4
   162 | D:1      | Reached XP level 2. HP: 8/15 MP: 0/6
  1043 | D:1      | Reached XP level 3. HP: 20/20 MP: 4/7
  1445 | D:2      | You fall into a shaft and drop 1 floor!
  1462 | D:3      | Reached skill level 1 in Fighting
  1462 | D:3      | Reached skill level 1 in Armour
  1758 | D:3      | Reached skill level 4 in Fire Magic
  1758 | D:3      | Reached XP level 4. HP: 25/25 MP: 5/8
  1794 | D:3      | Noticed Ijyb
  1805 | D:3      | Killed Ijyb
  2200 | D:3      | Found a faded altar of an unknown god.
  2517 | D:2      | Noticed Terence
  2696 | D:2      | Killed Terence
  2697 | D:2      | Gained mutation: Your magical nature lets you fly swiftly
                  | and evasively. [Tengu growth]
  2697 | D:2      | Reached XP level 5. HP: 11/29 MP: 6/9
  3618 | D:3      | Learned a level 2 spell: Scorch
  3622 | D:3      | Learned a level 3 spell: Conjure Flame
  3649 | D:3      | Learned a level 3 spell: Inner Flame
  4444 | D:4      | Reached XP level 6. HP: 22/35 MP: 11/11
  4890 | D:3      | Reached skill level 5 in Fire Magic
  5231 | D:4      | Found a shimmering altar of Xom.
  5258 | D:4      | Found a shimmering blue altar of Sif Muna.
  5871 | D:4      | Became a worshipper of Sif Muna the Loreminder
  5882 | D:5      | Entered Level 5 of the Dungeon
  5957 | D:5      | Found a staircase to the Ecumenical Temple.
  6098 | D:5      | Reached XP level 7. HP: 40/40 MP: 12/12
  6499 | D:5      | Reached skill level 1 in Invocations
  7180 | D:6      | Found a burning altar of Makhleb.
  7313 | D:6      | Found a hazy altar of Hepliaklqana.
  7340 | D:6      | Reached skill level 6 in Fire Magic
  7340 | D:6      | Reached XP level 8. HP: 17/45 MP: 14/14
  7739 | D:6      | Found a hide-covered altar of Uskayaw.
  8296 | D:7      | Reached * piety under Sif Muna
  8303 | D:7      | Reached skill level 5 in Conjurations
  8482 | D:7      | Reached skill level 7 in Fire Magic
  8800 | D:7      | Found a sacrificial altar of Ru.
  8854 | D:7      | Reached XP level 9. HP: 52/52 MP: 16/16
  9177 | D:7      | Reached skill level 5 in Dodging
  9986 | D:8      | Noticed a two-headed ogre
 10013 | D:8      | Killed a two-headed ogre
 10014 | D:8      | Reached skill level 8 in Fire Magic
 10131 | D:8      | Found a sparkling altar of Nemelex Xobeh.
 10762 | D:8      | Found an opulent altar of Gozag.
 10966 | D:8      | Found Paquch's Assorted Antiques.
 10974 | D:8      | Bought a scroll labelled LODAS SUCISCHUSS for 32 gold
                  | pieces
 10974 | D:8      | Bought a scroll labelled DEOSI OTZIGU for 32 gold pieces
 10974 | D:8      | Bought a scroll of identify for 64 gold pieces
 11108 | D:8      | Reached skill level 5 in Armour
 11346 | D:8      | Reached XP level 10. HP: 21/58 MP: 12/18
 11623 | D:8      | Acquired a staff of conjuration
 11679 | D:9      | Noticed Grum
 12034 | D:9      | Found a glowing silver altar of Zin.
 12103 | D:9      | Reached skill level 1 in Staves
 12103 | D:9      | Reached skill level 5 in Spellcasting
 12389 | D:9      | Killed an unseen horror
 12390 | D:9      | Reached skill level 5 in Fighting
 12390 | D:9      | Reached skill level 1 in Evocations
 12667 | D:9      | Reached ** piety under Sif Muna
 12728 | D:9      | Found Ysauff's Armour Boutique.
 12728 | D:9      | Found a staircase to the Orcish Mines.
 12728 | D:9      | Found Nouck's Weapon Boutique.
 12761 | D:9      | Found an ornate altar of the Wu Jian Council.
 12802 | D:9      | Noticed a kobold demonologist
 12813 | D:9      | Learned a level 4 spell: Flame Wave
 12825 | D:9      | Noticed a sixfirhy
 12826 | D:9      | Learned a level 5 spell: Fireball
 12843 | D:9      | Noticed a soul eater
 12849 | D:9      | Killed a kobold demonologist
 12850 | D:9      | Reached skill level 9 in Fire Magic
 13001 | D:9      | Killed Grum
 13170 | D:9      | Found a shadowy altar of Dithmenos.
 13406 | D:9      | Slain by a komodo dragon

Illustrated notes

Levels and vault maps discovered:
D:1:      minmay_arrival_statue_studded, layout_basic, minmay_hedge_maze,
          dreamdust_mushroom_princess, st_stairs_9
D:2:      layout_basic, serial_bayou_pond_d, uniq_terence
D:3:      layout_loops_ring, serial_rivers, chequers_serial_rivers_room_a,
          chequers_serial_rivers_room_a, chequers_serial_rivers_room_a,
          chequers_serial_rivers_micro_c, shapermc_ecumenical_altar_hornbeckon,
          kennysheep_cross_bottleneck, kennysheep_small_spiral, uniq_ijyb
D:4:      layout_cave_pods, mainiacjoe_overflow_small_starburst,
          mainiacjoe_overflow_surrounded_room,
          hangedman_abyss_or_decor_lesser_grid
D:5:      layout_gridville, minmay_temple_entry_antechambers
D:6:      layout_gridville, nicolae_hepliaklqana_hazy_memory,
          nicolae_uskayaw_dance_hall, makhleb_heckhound_becter
D:7:      hellmonk_crumbling_castle, layout_cave_pods,
          mainiacjoe_overflow_alcove_1, serial_column_ruins,
          column_ruins_pillar_1, column_ruins_pillar_2, column_ruins_pillar_9,
          column_ruins_pillar_1, column_ruins_pillar_3, column_ruins_pillar_7,
          column_ruins_pillar_12, column_ruins_pillar_6, column_ruins_pillar_6,
          column_ruins_pillar_3, column_ruins_pillar_10, column_ruins_pillar_8,
          grunt_decor_junction, minmay_misc_feat_roman
D:8:      layout_loops_ring, nemelex_spade_bored_becter,
          nicolae_gozag_cash_rules_everything_around_me, serial_shops, shop,
          serial_co_window_serial, co_window_paths_a, co_window_paths_b,
          co_window_paths_a, co_window_corner_a, co_window_corner_a,
          co_window_corner_a, co_window_of_opportunity_a, co_window_corner_cb,
          co_window_broadway_c, co_window_of_opportunity_b,
          co_window_unsneaky_path_c, co_window_corner_b, co_window_paths_c,
          co_window_unsneaky_path_e, dreamdust_deal_with_the_devil
D:9:      layout_rooms, nzn_wu_jian_council_hall, overflow_temple_1_default,
          zin_statuary, erik_lair_dragon, orc_david_3, dk_noncrumbling_4,
          hangedman_tell_no_tales, uniq_grum

Skill      XL: |  1  2  3  4  5  6  7  8  9 10 |
---------------+-------------------------------+-----
Conjurations   | 2 3 4 5 6 7 |  7.0
Fighting       | 1 2 3 4 5 |  5.2
Armour         | 1 2 3 4 5 |  5.6
Fire Magic     | 4 5 6 7 8 9 |  9.1
Dodging        | 3 4 5 6 |  6.2
Spellcasting   | 3 4 5 |  5.2
Invocations    | 1 2 3 |  3.9
Staves         | 2 |  2.8
Evocations     | 1 |  1.5
Stealth        | |  2.0

Action                   |  1- 3 |  4- 6 |  7- 9 | 10-12 || total
-------------------------+-------+-------+-------+-------++-------
Melee: Unarmed           |     3 |    14 |       |       ||    17
       Peck              |       |     8 |     2 |     2 ||    12
       Kick              |       |     3 |     2 |     4 ||     9
       Punch             |       |     1 |       |     1 ||     2
       Dagger            |       |       |     9 |       ||     9
       Staff             |       |       |       |    10 ||    10
 Cast: Foxfire           |    73 |   109 |    98 |    19 ||   299
       Scorch            |       |    10 |    82 |    76 ||   168
       Conjure Flame     |       |       |     7 |     5 ||    12
  Use: Scroll            |     3 |     3 |    11 |     3 ||    20
       Potion            |       |     3 |     1 |       ||     4
Armor: Robe              |     9 |     5 |    13 |    19 ||    46
Dodge: Dodged            |    27 |    36 |   111 |    71 ||   245

Table legend: (Time is in decaauts)
 A = Elapsed time spent in this place.
 B = Non-inter-level travel time spent in this place.
 C = Inter-level travel time spent in this place.
 D = Time resting spent in this place.
 E = Time spent auto-exploring this place.
 F = Levels seen in this place.
 G = Mean time per level.
                   A        B        C        D        E       F      G
               +--------+--------+--------+--------+--------+-----+--------+
         Total |  12902 |  12527 |    375 |   1244 |   9688 |   9 | 1433.6 |
       Dungeon |  12902 |  12527 |    375 |   1244 |   9688 |   9 | 1433.6 |
               +--------+--------+--------+--------+--------+-----+--------+

Top non-repeatable levels by time:
     D:3: 2328 daAuts
     D:8: 2107 daAuts
     D:9: 1528 daAuts
     D:7: 1352 daAuts
     D:1: 1305 daAuts
     D:2: 1163 daAuts
     D:6: 1135 daAuts
     D:5: 1002 daAuts
     D:4: 978 daAuts
